 Dungeon Crawl Stone Soup version 0.31.0-32-g396128a36d (webtiles) character file.

Game seed: 6616077577779255959

1340 Silvore the Cudgeller (level 8, -13/71 HPs)
             Began as a Minotaur Fighter on Mar 31, 2024.
             Was an Initiate of the Shining One.
             Killed from afar by a steam dragon (18 damage)
             ... with a ball of steam
             ... on level 6 of the Dungeon on Apr 1, 2024.
             The game lasted 00:05:59 (5066 turns).

Silvore the Cudgeller (Minotaur Fighter)            Turns: 5066, Time: 00:05:59

Health: -13/71     AC: 15    Str: 22    XL:     8   Next: 35%
Magic:  7/7        EV:  7    Int:  5    God:    the Shining One [......]
Gold:   163        SH:  6    Dex: 11    Spells: 7/7 levels left

rFire   . . .        q - +0 flail (holy)
rCold   . . .        c - +1 buckler
rNeg    . . .        s - +0 plate armour
rPois   .            (helmet restricted)
rElec   .            m - +0 cloak
rCorr   .            o - +0 pair of gloves
SInv    .            (no boots)
Will    .....        (no amulet) Stlth
                     (no ring)
HPRegen 0.31/turn    (no ring)
MPRegen 0.10/turn

%: no passive effects
@: glowing
A: horns 2, retaliatory headbutt
a: Renounce Religion


You were on level 6 of the Dungeon.
You worshipped the Shining One.
The Shining One was noncommittal.
You visited 2 branches of the dungeon, and saw 7 of its levels.

You collected 266 gold pieces.
You donated 103 gold pieces to Zin.

Inventory:

Hand Weapons
 a - a +0 flail
 q - a +0 flail of holy wrath (weapon)
Armour
 b - a +0 scale mail
 c - a +1 buckler (worn)
 m - a +0 cloak (worn)
 o - a +0 pair of gloves (worn)
 s - a +0 plate armour (worn)
Wands
 k - a wand of acid (3)
Scrolls
 d - a scroll of vulnerability
 e - a scroll of immolation {unknown}
 f - 5 scrolls of teleportation
 r - 2 scrolls of identify
Potions
 g - 2 potions of attraction
 h - 3 potions of might
 i - a potion of magic
 j - a potion of degeneration
 l - a potion of haste {unknown}
 n - 3 potions of curing
 p - a potion of ambrosia {unknown}
 t - a potion of lignification {unknown}


   Skills:
 + Level 6.4 Fighting
 + Level 7.9 Maces & Flails
 + Level 6.7 Armour
 + Level 2.7 Dodging
 + Level 1.0 Stealth
 + Level 5.5 Shields


You had 7 spell levels left.
You didn't know any spells.
Your spell library contained the following spells:

 Spells                   Type           Power      Damage    Failure   Level
 Apportation              Tloc           0%         N/A       100%        1
 Necrotise                Necr           0%         1d4       100%        1
 Sting                    Conj/Alch      0%         1d3       100%        1
 Summon Small Mammal      Summ           0%         N/A       100%        1
 Static Discharge         Conj/Air       0%         3-3/arc   100%        2
 Airstrike                Air            0%         2d(0-16)  100%        4
 Summon Lightning Spire   Summ/Air       0%         N/A       100%        4


Dungeon Overview and Level Annotations

Branches:
Dungeon (6/15)             Temple (1/1) D:4

Altars:
Ashenzari
Cheibriados
Dithmenos
Elyvilon
Fedhas
Gozag
Hepliaklqana
Kikubaaqudgha
Makhleb
Nemelex Xobeh
Okawaru
Qazlal
Ru
Sif Muna
Trog
Uskayaw
Vehumet
Wu Jian
Xom
Yredelemnul
Zin
The Shining One

Shops:
D:1 *


Innate Abilities, Weirdness & Mutations

You have a pair of horns on your head.
You reflexively headbutt those who attack you in melee.


Message History

You hit the steam dragon but do no damage.
The steam dragon bites you but does no damage.
The steam dragon claws you but does no damage.
You hit the steam dragon.
The steam dragon is lightly wounded.
The steam dragon breathes steam at you. The ball of steam misses you.
The steam dragon bites you! The steam dragon claws you.
You hit the steam dragon but do no damage.
The steam dragon is lightly wounded.
You are engulfed in a cloud of scalding steam.
* * * LOW HITPOINT WARNING * * *
The steam dragon bites you.
* * * LOW HITPOINT WARNING * * *
The steam dragon claws you but does no damage.
The steam dragon bites you.
* * * LOW HITPOINT WARNING * * *
The steam dragon claws you but does no damage.
You sock the steam dragon!
The steam dragon is moderately wounded.
The steam dragon bites you!
* * * LOW HITPOINT WARNING * * *
The steam dragon claws you but does no damage.
You thump the steam dragon!
The steam dragon is heavily wounded.
You block the steam dragon's attack.
The steam dragon claws you but does no damage.
You sock the steam dragon!
The steam dragon is severely wounded.
The steam dragon bites you but does no damage.
The steam dragon claws you but does no damage.
You hit the steam dragon.
The steam dragon is almost dead.
You block the steam dragon's attack.
The steam dragon claws you but does no damage.
You barely miss the steam dragon.
The steam dragon is almost dead.
The steam dragon breathes steam at you. The ball of steam hits you!!
You die...

###########
..........######
.....".<..##...#
.........@D....#
..........#....#
.!........##...#
..........#....#
###.#######....#
#..#######.######
....)..<..).......
#.######..###..ยง.#
##..###....#


You could see a steam dragon (catching breath).

Vanquished Creatures
  Sigmund (D:3)
  2 water moccasins
  Duvessa (D:5)
  Pargi (D:3)
  A phantom (D:5)
  A bullfrog (D:4)
  2 scorpions
  Dowan (D:5)
  2 howler monkeys (D:4)
  A bombardier beetle (D:5)
  2 hounds
  Jessica (D:3)
  Terence (D:3)
  An iguana (D:5)
  Robin (D:3)
  4 gnolls (D:2)
  5 adders
  2 ufetubi (D:5)
  3 dart slugs
  4 ribbon worms
  9 orcs
  7 bats
  5 endoplasms
  A giant cockroach (D:1)
  9 goblins
  15 hobgoblins
  3 jackals (D:1)
  3 kobolds
  4 quokkas
  9 ball pythons
  5 frilled lizards
  5 rats
112 creatures vanquished.

Notes
Turn   | Place    | Note
-------+----------+-------------------------------------------
     0 | D:1      | Silvore the Minotaur Fighter began the quest for the Orb.
     0 | D:1      | Reached XP level 1. HP: 19/19 MP: 0/0
    86 | D:1      | Reached XP level 2. HP: 27/27 MP: 1/1
   251 | D:1      | Reached XP level 3. HP: 28/33 MP: 2/2
   555 | D:1      | Found Wyunwolo's Assorted Antiques.
   704 | D:2      | Reached skill level 3 in Maces & Flails
   707 | D:2      | Reached XP level 4. HP: 30/41 MP: 3/3
  1440 | D:3      | Noticed Sigmund
  1452 | D:3      | Killed Sigmund
  1453 | D:3      | Reached skill level 4 in Maces & Flails
  1453 | D:3      | Reached skill level 5 in Armour
  1453 | D:3      | Reached XP level 5. HP: 46/47 MP: 4/4
  1504 | D:3      | Noticed Robin
  1520 | D:3      | Killed Robin
  1522 | D:3      | Reached XP level 6. HP: 39/55 MP: 5/5
  1526 | D:3      | Reached skill level 5 in Maces & Flails
  1863 | D:3      | Noticed Jessica
  1867 | D:3      | Killed Jessica
  1868 | D:3      | Reached skill level 1 in Dodging
  1988 | D:3      | Noticed Pargi
  2003 | D:3      | Killed Pargi
  2004 | D:3      | Reached skill level 5 in Fighting
  2073 | D:3      | Noticed Terence
  2084 | D:3      | Killed Terence
  2482 | D:4      | Reached skill level 5 in Shields
  2482 | D:4      | Reached XP level 7. HP: 38/61 MP: 6/6
  2668 | D:4      | Found a staircase to the Ecumenical Temple.
  2679 | Temple   | Entered the Ecumenical Temple
  2686 | Temple   | Became a worshipper of Zin the Law-Giver
  2686 | Temple   | Reached * piety under Zin
  2693 | Temple   | Donated 77 gold pieces to Zin
  2751 | D:4      | Found a bloodstained altar of Trog.
  2939 | D:4      | Reached skill level 6 in Maces & Flails
  3201 | D:4      | Reached ** piety under Zin
  3241 | D:4      | Found a burning altar of Makhleb.
  3407 | D:5      | Entered Level 5 of the Dungeon
  3409 | D:5      | Noticed Dowan
  3411 | D:5      | Noticed Duvessa
  3422 | D:5      | Killed Duvessa
  3424 | D:5      | Killed Dowan
  3425 | D:5      | Reached skill level 7 in Maces & Flails
  3810 | D:5      | Reached XP level 8. HP: 69/70 MP: 7/7
  4099 | D:5      | Reached skill level 1 in Stealth
  4680 | Temple   | Fell from the grace of Zin
  4680 | Temple   | Became a worshipper of the Shining One
  4977 | D:6      | Found a shadowy altar of Dithmenos.
  5066 | D:6      | Killed from afar by a steam dragon

Illustrated notes

Levels and vault maps discovered:
D:1:      amcnicky_arrival_single_pillar, layout_rooms, serial_shops,
          nicolae_shop_hallway_plus, minmay_misc_feat_pillars
D:2:      layout_loops_corners
D:3:      layout_basic, uniq_terence, uniq_pargi, uniq_sigmund, uniq_robin,
          uniq_jessica
D:4:      layout_loops_ring, makhleb_heckhound_becter, lemuel_tele_altar,
          minmay_temple_entry_gardened_gates
D:5:      layout_layer_cave, uniq_duvessa
D:6:      layout_rooms, mainiacjoe_overflow_catwalk, portal_sewer_entry_d
Temple:   compressed_dpeg_triangle_lava_temple

Skill      XL: |  1  2  3  4  5  6  7  8 |
---------------+-------------------------+-----
Fighting       | 4 5 6 |  6.4
Armour         | 4 5 6 |  6.7
Shields        | 4 5 |  5.5
Maces & Flails | 3 4 5 7 |  7.9
Dodging        | 1 2 |  2.7
Stealth        | 1 |  1.0

Action                     |  1- 3 |  4- 6 |  7- 9 || total
---------------------------+-------+-------+-------++-------
  Melee: Flail             |    48 |   109 |   110 ||   267
         Headbutt          |     6 |    15 |    23 ||    44
 Invoke: Donate Gold       |       |       |     1 ||     1
    Use: Scroll            |     3 |     2 |     5 ||    10
         Potion            |     1 |       |     1 ||     2
 Armour: Scale mail        |    37 |    88 |    54 ||   179
         Plate armour      |       |       |    60 ||    60
  Dodge: Dodged            |    29 |    47 |    53 ||   129
  Block: Buckler           |     9 |    31 |    29 ||    69
